 Seeded DCSS version 0.29-a0-384-g6960b1960d (webtiles) character file.

Game seed: 20220504 (custom seed)

39 lucidbluej the Slasher (level 3, -12/33 HPs)
             Began as a Minotaur Berserker on May 4, 2022.
             Was an Initiate of Fedhas.
             Killed by a fireball (20 damage)
             ... invoked by the fiery rage of Trog
             ... on level 2 of the Dungeon on May 6, 2022.
             The game lasted 00:05:17 (952 turns).

lucidbluej the Slasher (Minotaur Berserker)          Turns: 952, Time: 00:05:18

Health: -12/33     AC:  2    Str: 23    XL:     3   Next: 26%
Magic:  2/2        EV: 12    Int:  4    God:    Fedhas [......]
Gold:   109        SH:  0    Dex:  9    Spells: 2/2 levels left

rFire   . . .      SeeInvis .   a - +0 falchion
rCold   + . .      Faith    .   (no shield)
rNeg    . . .      Spirit   .   b - +0 animal skin
rPois   .          Reflect  .   (helmet restricted)
rElec   .          Harm     .   (no cloak)
rCorr   .          Rampage  .   (no gloves)
Will    .....                   (no boots)
Stlth   +.........              (no amulet)
HPRegen 0.11/turn               e - ring of protection from cold
MPRegen 0.08/turn               (no ring)

@: no status effects
A: horns 2, retaliatory headbutt
a: Renounce Religion


You were on level 2 of the Dungeon.
You worshipped Fedhas.
Fedhas was noncommittal.
You visited 1 branch of the dungeon, and saw 2 of its levels.

You collected 109 gold pieces.

Inventory:

Hand Weapons
 a - a +0 falchion (weapon)
 c - a +0 glaive
 j - a +0 mace
 n - a +0 hunting sling
Missiles
 g - 18 stones (quivered)
Armour
 b - a +0 animal skin (worn)
 d - a +0 robe
 f - a +0 leather armour
 k - a +0 helmet
 l - a +0 robe
 m - the +0 robe of Reason {MP+9 Int-3 Dex+9 SInv}
   (You found it on level 2 of the Dungeon)

   Int:       It affects your intelligence (-3).
   Dex:       It affects your dexterity (+9).
   MP:        It affects your magic capacity (+9).
   SInv:      It lets you see invisible.
Jewellery
 e - a ring of protection from cold (left hand)
Scrolls
 i - a scroll of identify {unknown}
Potions
 h - a potion of flight {unknown}
 o - a potion of curing {unknown}


   Skills:
 + Level 4.0 Fighting
 + Level 4.4 Long Blades
 + Level 2.5 Armour
 + Level 2.7 Dodging
 + Level 0.6 Stealth


You had 2 spell levels left.
You didn't know any spells.
Your spell library contained the following spells:

 Spells                   Type           Power      Damage    Failure   Level
 Corpse Rot               Necr/Air       0%         N/A       65%         2
 Poisonous Vapours        Pois/Air       0%         N/A       65%         2
 Sublimation of Blood     Necr           0%         N/A       65%         2
 Petrify                  Tmut/Erth      0%         N/A       99%         4
 Irradiate                Conj/Tmut      0%         3d13      100%        5


Dungeon Overview and Level Annotations

Branches:
Dungeon (2/15)

Altars:
Fedhas


Innate Abilities, Weirdness & Mutations

You have a pair of horns on your head.
You reflexively headbutt those who attack you in melee.


Message History

You are poisoned.
The adder poisons you! The adder barely misses you.
You hit the adder but do no damage.
You feel sick. The adder completely misses you.
You barely miss the adder.
You feel sick. The adder bites you.
You closely miss the adder.
You feel sick. The adder misses you. The adder bites you.
You are more poisoned.
The adder poisons you!
You hit the adder. Your headbutt misses the adder.
The adder is heavily wounded.
You feel sick. The adder misses you.
You closely miss the adder. Your headbutt misses the adder.
The adder is heavily wounded.
You feel sick. The adder bites you.
You are more poisoned.
The adder poisons you!
You closely miss the adder. Your headbutt misses the adder.
The adder is heavily wounded.
You feel sick. The adder closely misses you. You furiously retaliate!
You headbutt the adder. The adder barely misses you.
You hit the adder but do no damage.
The adder is almost dead.
You feel sick. The adder barely misses you.
You miss the adder.
The adder is almost dead.
You feel sick.
The adder closely misses you. x2; You furiously retaliate!
You headbutt the adder!
You kill the adder!
Fedhas appreciates your contribution to the ecosystem.
You feel sick.
You feel sick.
You feel sick.
You feel sick.
You are no longer poisoned.
Trog hurls fiery rage upon you!
The fireball explodes!
The fireball engulfs you!!
Ouch! That really hurt!
You die...
Fedhas appreciates your contribution to the ecosystem.

.## ######### ##.#
#.......# #..#
###.......# ## .#.#
#.#.......# #. .#.#
.#..†.....# #.#.#.#
#.#.......## #...#.#
#.#<......##.##.##.#
#.#........#....@..#
..#...####.####.####
................#
........##......#
#.......##.._...#
................#
#..#.##.##.....##
#..#.##.##..####
...........##


You could see the fiery rage of Trog (unaware).

Vanquished Creatures
  2 adders (D:2)
  2 endoplasms
  A giant cockroach (D:2)
  2 hobgoblins (D:2)
  2 quokkas
  3 ball pythons
  5 bats (D:1)
  2 frilled lizards (D:1)
  6 rats
25 creatures vanquished.

Vanquished Creatures (others)
  A plant (D:1)
1 creature vanquished.

Grand Total: 26 creatures vanquished

Notes
Turn   | Place    | Note
-------+----------+-------------------------------------------
     0 | D:1      | lucidbluej the Minotaur Berserker began the quest for the
                  | Orb.
     0 | D:1      | Reached XP level 1. HP: 19/19 MP: 0/0
    88 | D:1      | Upgraded the game from 0.29-a0-378-gc08b2e8bf8 to
                  | 0.29-a0-384-g6960b1960d
   461 | D:1      | Reached XP level 2. HP: 27/27 MP: 1/1
   804 | D:2      | Reached ** piety under Trog
   805 | D:2      | Reached XP level 3. HP: 17/33 MP: 2/2
   810 | D:2      | Identified the +0 robe of Reason {MP+9 Int-3 Dex+9 SInv}
   874 | D:2      | Found a blossoming altar of Fedhas.
   882 | D:2      | Fell from the grace of Trog
   882 | D:2      | Became a worshipper of Fedhas Madash
   952 | D:2      | Killed by a fireball

Illustrated notes

Levels and vault maps discovered:
D:1:      psy_arrival_wood_between_worlds, layout_basic, serial_park_tiny_1,
          chequers_arboretum
D:2:      layout_loops_cross, basic_altar, palyth_stone_intersect

Skill      XL: |  1  2 |
---------------+-------+-----
Long Blades    | 4 |  4.4
Fighting       | 4 |  4.0
Armour         | |  2.5
Dodging        | |  2.7
Stealth        | |  0.6

Action                   || total
-------------------------++-------
Melee: Falchion          ||   102
       Headbutt          ||    17
  Use: Scroll            ||     1
Armor: Animal skin       ||    15
Dodge: Dodged            ||    58

Table legend: (Time is in decaauts)
 A = Elapsed time spent in this place.
 B = Non-inter-level travel time spent in this place.
 C = Inter-level travel time spent in this place.
 D = Time resting spent in this place.
 E = Time spent auto-exploring this place.
 F = Levels seen in this place.
 G = Mean time per level.
                   A        B        C        D        E       F      G
               +--------+--------+--------+--------+--------+-----+--------+
         Total |    962 |    910 |     52 |      0 |    109 |   2 |  481.0 |
       Dungeon |    962 |    910 |     52 |      0 |    109 |   2 |  481.0 |
               +--------+--------+--------+--------+--------+-----+--------+

Top non-repeatable levels by time:
     D:1: 723 daAuts
     D:2: 238 daAuts
